AoeStats
← Ficuscarican

Golden Pit

503132016Analyzed
1v1 RM · 3mo ago on Aug 30, 2026· 21m 23s· 2 players
Game mode
Random Map
Map size
Tiny (2 player)
Population
200
Speed
Normal
Resources
Standard
Victory
Conquest
Starting age
Dark Age
Ending age
Imperial Age
RankedLock teamsTeams togetherTeam positionsShared explorationLock speedFull tech treeHidden civsTurbo modeCheats
Victory
Defeat
🇹🇷 Turks · Türkiye
1092
+16
vs
🇹🇼 Khitans · Taiwan
1101
-16
Ficuscarican
8:22 Loom
10:10 Feudal Age
13:17 Double-Bit Axe
15:39 Fletching
蛤仔
6:58 Loom
10:11 Feudal Age
11:28 Double-Bit Axe
12:30 Domestication
13:05 Forging
16:52 Scale Barding Armor
18:14 Town Watch
19:07 Wheelbarrow
21:35 Castle Age
19:47 Gold Mining
Connection lost

Rejoining the realm…

Still unreachable

The connection could not be restored.

Session expired

The server has moved on; the page needs a fresh start.